 Dungeon Crawl Stone Soup version 0.19-a0-1091-g463c9de (webtiles) character file.

123 mistymad the Skirmisher (level 5, -4/46 HPs)
             Began as a Ghoul Monk on Aug 7, 2016.
             Was a Believer of Qazlal.
             Splashed by a jelly's acid (5 damage)
             ... on level 4 of the Dungeon.
             The game lasted 00:06:09 (2914 turns).

mistymad the Skirmisher (Ghoul Monk)                Turns: 2914, Time: 00:06:10

Health: -4/46      AC: -11   Str: 16    XL:     5   Next: 7%
Magic:  4/4        EV:  7    Int:  5    God:    Qazlal [**....]
Gold:   198        SH:  3    Dex: 11    Spells: 0 memorised, 4 levels left

rFire  . . .     SeeInvis +     a - +0 mace
rCold  + . .     Gourm    .     u - +0 chain mail
rNeg   + + +     Faith    .     (no shield)
rPois  ∞         Spirit   .     (no helmet)
rElec  .         Dismiss  .     (no cloak)
rCorr  .         Reflect  .     (no gloves)
SustAt .         Harm     .     (no boots)
MR     .....                    (no amulet)
Stlth  ..........               (no ring)
                                m - ring of see invisible

@: corroded, rotting
A: rotting body, claws 1, carnivore 3, cold resistance 1, negative energy
resistance 3, slow regeneration 1, torment resistance, unbreathing
a: Upheaval, Renounce Religion


You were on level 4 of the Dungeon.
You worshipped Qazlal.
Qazlal was pleased with you.
You were not hungry.

You visited 1 branch of the dungeon, and saw 4 of its levels.

You collected 198 gold pieces.

Inventory:

Hand Weapons
 a - a +0 mace (weapon)
Missiles
 j - 4 javelins (quivered)
Armour
 i - a cursed +0 buckler
 u - a +0 chain mail (worn)
Jewellery
 m - a ring of see invisible (left claw)
 s - an uncursed ring of sustain attributes {unknown}
Scrolls
 d - 4 scrolls of enchant weapon {unknown}
 g - a scroll of magic mapping {unknown}
 h - 5 scrolls of teleportation {unknown}
 l - 2 scrolls of blinking {unknown}
 n - 4 scrolls of recharging {unknown}
 o - a scroll of fog {unknown}
 p - a scroll of noise {unknown}
Potions
 e - a potion of haste {unknown}
 k - a potion of resistance {unknown}
 q - a potion of agility {unknown}
 r - a potion of flight {unknown}
 t - a potion of lignification {unknown}
Comestibles
 c - 5 meat rations


   Skills:
 + Level 4.1 Fighting
 + Level 3.3 Maces & Flails
 + Level 2.2 Armour
 - Level 3.0 Dodging
 - Level 2.1 Stealth
 + Level 1.0 Shields


You had 4 spell levels left.
You didn't know any spells.

Dungeon Overview and Level Annotations

Branches:
Dungeon (4/15)
 Temple: D:4-7

Altars:
Ashenzari
Hepliaklqana
Pakellas
Qazlal
Trog
Vehumet

Annotations:
D:3 RexLacerta's ghost, amateur TrMo


Innate Abilities, Weirdness & Mutations

Your body is rotting away.
You thrive on raw meat.
You are immune to poison.
You have sharp fingernails.
You are carnivorous and can eat meat at any time.
Your flesh is cold resistant. (rC+)
You are immune to negative energy. (rN+++)
You regenerate slowly when monsters are visible.
You are immune to unholy pain and torment.
You can survive without breathing.


Message History

You hit the jelly but do no damage.
Your claws burn!
The jelly is severely wounded.
The jelly barely misses you.
You take 1 damage, and have 29/46 hp.
You hit the jelly.
Your claws burn!
The jelly is almost dead.
The jelly hits you.
You are splashed with acid!
The acid corrodes you!
The acid burns!
You take 12 damage, and have 17/46 hp.
MASSIVE DAMAGE!!
You hit the jelly but do no damage. The acid corrodes you!
Your claws burn!
The jelly is almost dead.
The jelly hits you.
* * * LOW HITPOINT WARNING * * *
You are splashed with acid!
The acid burns!
* * * LOW HITPOINT WARNING * * *
You take 13 damage, and have 4/46 hp.
MASSIVE DAMAGE!!
The jelly hits you.
* * * LOW HITPOINT WARNING * * *
You are splashed with acid!
The acid burns!
You die...

## ##.. #..
#.# ##.#
#..### #.#..#
#@#..###.
#J#...##.##
#.#.#.##..#
..#.#..#..##
#.##.##.##..#
.. #.##..#..#
.#.
#.###....#
.#. ..#
###..# . ##
.. #..####


You could see a jelly.

Vanquished Creatures
  2 adders (D:3)
  2 oozes
  2 dart slugs
  A worm (D:3)
  3 giant geckos
  3 orcs (D:3)
  2 giant cockroaches
  7 goblins
  12 hobgoblins
  9 jackals
  A ball python (D:3)
  12 bats
  A giant gecko zombie (D:3)
  3 giant newts
  9 kobolds
  10 rats
79 creatures vanquished.

Notes
Turn   | Place    | Note
-------+----------+-------------------------------------------
     0 | D:1      | mistymad the Ghoul Monk began the quest for the Orb.
     0 | D:1      | Reached XP level 1. HP: 19/19 MP: 0/0
   242 | D:1      | Reached XP level 2. HP: 26/26 MP: 1/1
   267 | D:1      | Reached skill level 1 in Armour
   607 | D:1      | Reached XP level 3. HP: 25/31 MP: 2/2
  1381 | D:2      | Found a faded altar of an unknown god.
  1395 | D:2      | Found a stormy altar of Qazlal.
  1414 | D:2      | Became a worshipper of Qazlal Stormbringer
  1414 | D:2      | Reached * piety under Qazlal
  1414 | D:2      | Reached ** piety under Qazlal
  1431 | D:2      | Found a bloodstained altar of Trog.
  1844 | D:2      | Reached XP level 4. HP: 40/40 MP: 3/3
  2122 | D:3      | Reached skill level 4 in Fighting
  2213 | D:3      | Reached skill level 1 in Shields
  2307 | D:3      | Reached XP level 5. HP: 42/46 MP: 4/4
  2347 | D:3      | Found a radiant altar of Vehumet.
  2429 | D:3      | Found a hazy altar of Hepliaklqana.
  2429 | D:3      | Found a shattered altar of Ashenzari.
  2553 | D:3      | Found an oddly glowing altar of Pakellas.
  2715 | D:3      | Noticed RexLacerta's ghost (amateur TrMo)
  2914 | D:4      | HP: 1/46 [jelly (3)]
  2914 | D:4      | Splashed by a jelly's acid

Vault maps used:
D:1:      minmay_arrival_solitary_statue, minmay_cupped
D:2:      bloody_trog, grunt_qazlal_sundering, ecumenical_altar_2
D:3:      nicolae_overflow_hidden_temple, lemuel_coloured_pillars_altar,
          gammafunk_temple_overflow_wave
D:4:      grunt_ministairs_8, serial_bayou_lagoon_a, uniq_pikel

Skill      XL: |  1  2  3  4 |
---------------+-------------+-----
Armour         | 1 2 |  2.2
Maces & Flails | 3 |  3.3
Dodging        | 3 |  3.0
Fighting       | 4 |  4.1
Shields        | 1 |  1.0
Stealth        | |  2.1

Action                   |  1- 3 |  4- 6 || total
-------------------------+-------+-------++-------
Melee: Mace              |   169 |   117 ||   286
 Stab: Sleeping          |     6 |       ||     6
       Distracted        |     1 |       ||     1
  Eat: Chunk             |     9 |     6 ||    15
Armor: Robe              |    28 |       ||    28
       Scale mail        |    34 |    37 ||    71
       Chain mail        |       |    23 ||    23
Dodge: Dodged            |   109 |    65 ||   174
Block: Other             |     2 |    16 ||    18
